 Dungeon Crawl Stone Soup version 0.29-a0-1065-g47a6bb87d6 (webtiles) character file.

Game seed: 9559400808365377145

218 avis the Caller (level 5, -3/21 HPs)
             Began as a Felid Summoner on Aug 19, 2022.
             Slain by Duvessa
             ... wielding a +0 short sword
              (5 damage)
             ... on level 4 of the Dungeon.
             The game lasted 00:36:23 (5415 turns).

avis the Caller (Felid Summoner)                    Turns: 5415, Time: 00:36:24

Health: -3/21      AC:  2    Str:  4    XL:     5   Next: 63%
Magic:  3/12       EV: 17    Int: 19    God:
Gold:   127        SH:  0    Dex: 16    Spells: 0/12 levels left
                                        Lives:  0   Deaths: 1

rFire   . . .      SeeInvis +   (weapon unavailable)
rCold   . . .      Faith    .   (shield unavailable)
rNeg    . . .      Spirit   .   (body armour unavailable)
rPois   .          Reflect  .   (helmet unavailable)
rElec   .          Harm     .   (cloak unavailable)
rCorr   .          Rampage  .   (gloves unavailable)
Will    .....                   (boots unavailable)
Stlth   ++........              (no amulet)
HPRegen 0.07/turn               (no ring)
MPRegen 0.13/turn               (no ring)

@: quick
A: very small, claws 1, fangs 3, see invisible, speed 1, shaggy fur 2, stealthy
paws, no weapons or thrown items, no armour, multi-lived
a: no special abilities


You were on level 4 of the Dungeon.
You visited 2 branches of the dungeon, and saw 5 of its levels.

You collected 127 gold pieces.

Inventory:

Missiles
 f - 6 atropa-tipped darts
Wands
 a - a wand of flame (6)
Scrolls
 c - a scroll of amnesia {unknown}
 d - a scroll of immolation {unknown}
 e - 2 scrolls of identify {unknown}
 h - a scroll of enchant weapon {unknown}
 j - a scroll of blinking {unknown}
 l - a scroll of noise {unknown}
Potions
 b - 3 potions of invisibility {unknown}
 g - a potion of attraction {unknown}
 i - a potion of might {unknown}
 k - a potion of lignification {unknown}
 m - a potion of degeneration {unknown}
 n - a potion of curing {unknown}


   Skills:
 - Level 3.0 Dodging
 - Level 3.0 Stealth
 * Level 4.2 Spellcasting
 + Level 3.6 Hexes
 + Level 6.0 Summonings
 * Level 0.4 Air Magic


You couldn't memorise any spells.
You knew the following spells:

 Your Spells              Type           Power      Damage    Failure   Level
a - Summon Small Mammal   Summ           100%       N/A       1%          1
c - Call Imp              Summ           26%        N/A       1%          2
d - Call Canine Familiar  Summ           26%        N/A       3%          3
g - Summon Guardian Gole  Hex/Summ       22%        N/A       5%          3
l - Summon Lightning Spi  Summ/Air       16%        N/A       34%         4

Your spell library contained the following spells:

 Spells                   Type           Power      Damage    Failure   Level


Dungeon Overview and Level Annotations

Branches:
Dungeon (4/15)             Temple (1/1) D:4

Altars:
Ashenzari
Fedhas
Hepliaklqana
Nemelex Xobeh
Qazlal
Ru
Vehumet
Wu Jian
Zin

Shops:
D:2 !!::(   D:3 :

Annotations:
D:3 Explore deep water
D:4 Duvessa


Innate Abilities, Weirdness & Mutations

You have sharp claws.
You have razor-sharp teeth.
You have supernaturally acute eyesight. (SInv)
You cover ground quickly. (Speed+)
You are covered in thick fur. (AC +2)
Your paws help you pounce on unaware monsters.
You are incapable of wielding weapons or throwing items.
You cannot wear armour.
You gain extra lives every three experience levels.


Message History

Ouch! That really hurt!
* * * LOW HITPOINT WARNING * * *
Aiming: Throw Flame
Press: ? - help, Shift-Dir - straight line, p - Duvessa The puff of flame hits Duvessa.
Duvessa is severely wounded.
Duvessa barely misses you.
Your crimson imp hits Duvessa but does no damage.
Duvessa hits your crimson imp with a +0 short sword!
Duvessa hits your crimson imp with a +0 short sword!
Your crimson imp dies!
Your crimson imp disappears in a puff of smoke!
Aiming: Throw Flame
Press: ? - help, Shift-Dir - straight line, f - Duvessa
Aim: Duvessa, wielding a +0 short sword and wearing a +4 ring mail of cold resistance (severely wounded, berserk, 77% to hit)
The puff of flame hits Duvessa.
Duvessa is severely wounded.
Duvessa barely misses you. x2
Aiming: Throw Flame
Press: ? - help, Shift-Dir - straight line, f/p - Duvessa
Aim: Duvessa, wielding a +0 short sword and wearing a +4 ring mail of cold resistance (severely wounded, berserk, 77% to hit)
The puff of flame misses Duvessa.
Duvessa completely misses you.
Your magical contamination has completely faded away.
Aiming: Throw Flame
Press: ? - help, Shift-Dir - straight line, f/p - Duvessa
Aim: Duvessa, wielding a +0 short sword and wearing a +4 ring mail of cold resistance (severely wounded, berserk, 77% to hit)
The puff of flame hits Duvessa.
Duvessa is almost dead.
Duvessa barely misses you. Duvessa closely misses you.
Aiming: Throw Flame
Press: ? - help, Shift-Dir - straight line, f/p - Duvessa
Aim: Duvessa, wielding a +0 short sword and wearing a +4 ring mail of cold resistance (almost dead, berserk, 77% to hit)
The puff of flame hits Duvessa but does no damage.
Duvessa is almost dead.
Duvessa closely misses you.
Aiming: Throw Flame
Press: ? - help, Shift-Dir - straight line, f/p - Duvessa
Aim: Duvessa, wielding a +0 short sword and wearing a +4 ring mail of cold resistance (almost dead, berserk, 77% to hit)
The puff of flame misses Duvessa.
Duvessa hits you with a +0 short sword.
You die...

#### #.# ##>.### #.. ###.....##
#####. #...#.#..##### ##.....
#.###........# #####..###.
##.#####.####.### #.......##.
#~.~# #........#######.##'##...#
#~.≈# ######...........#...#.#.#
#≈.~# ##..@e......#.8.#....
#~.~### #######.........#.).#.###
#~5~#...#.....#.........##'##.#
#≈.≈#....†....................#
#~.~#....................#######.
#r.b#....................####....
#~h≈#...........#####.###........
##e##...........# #..##......>.
#...............# ##.##........


You could see Duvessa (berserk).

Vanquished Creatures
  Dowan (D:4)
  2 adders
  4 giant cockroaches
  2 goblins
  2 hobgoblins
  2 jackals
  3 quokkas
  A bat (D:1)
  4 frilled lizards
  2 kobolds
  A rat (D:1)
24 creatures vanquished.

Vanquished Creatures (collateral kills)
  Grinder (D:4)
  A nameless horror (D:2)
  A hound (D:4)
  2 adders (D:2)
  A shadow imp (D:4)
  3 worms
  2 dart slugs (D:2)
  An orc (D:3)
  2 ball pythons
  8 endoplasms
  6 giant cockroaches
  6 goblins
  5 hobgoblins
  3 jackals
  2 quokkas
  3 bats (D:1)
  4 kobolds (D:1)
  A rat (D:1)
52 creatures vanquished.

Grand Total: 76 creatures vanquished

Notes
Turn   | Place    | Note
-------+----------+-------------------------------------------
     0 | D:1      | avis the Felid Summoner began the quest for the Orb.
     0 | D:1      | Reached XP level 1. HP: 7/7 MP: 4/4
   670 | D:1      | Reached XP level 2. HP: 11/11 MP: 3/6
   673 | D:1      | Learned a level 2 spell: Call Imp
  1044 | D:1      | Reached XP level 3. HP: 12/14 MP: 2/7
  1566 | D:1      | Learned a level 3 spell: Call Canine Familiar
  1768 | D:2      | Found Tytoxuwoxe's Book Boutique.
  1839 | D:2      | Found Tomoec's Weapon Shop.
  2071 | D:2      | Reached XP level 4. HP: 9/18 MP: 5/10
  2274 | D:2      | Learned a level 3 spell: Summon Guardian Golem
  2414 | D:2      | Found a faded altar of an unknown god.
  2552 | D:2      | Noticed a nameless horror
  2637 | D:2      | Found Fecah's Distillery.
  3020 | D:2      | Killed a nameless horror
  3128 | D:2      | Found Epom's Distillery.
  3137 | D:2      | Found Atiugox's Book Boutique.
  3398 | D:3      | Found Pagg's Vocational Training.
  3566 | D:3      | You fall into a shaft and drop 1 floor!
  3566 | D:4      | Found a sacrificial altar of Ru.
  3587 | D:4      | Found a staircase to the Ecumenical Temple.
  3599 | Temple   | Entered the Ecumenical Temple
  3966 | D:3      | Found an ornate altar of the Wu Jian Council.
  4443 | D:3      | Reached skill level 1 in Hexes
  4684 | D:4      | Noticed Grinder
  4766 | D:4      | Noticed Duvessa
  4797 | D:4      | Noticed Dowan
  5082 | D:4      | Reached skill level 5 in Summonings
  5082 | D:4      | Reached XP level 5. HP: 19/21 MP: 2/11
  5111 | D:4      | Killed Grinder
  5112 | D:4      | Gained mutation: You are covered in thick fur. (AC +2)
                  | [Felid growth]
  5112 | D:4      | Reached XP level 6. HP: 20/24 MP: 4/13
  5119 | D:4      | Learned a level 4 spell: Summon Lightning Spire
  5186 | D:4      | Found a hazy altar of Hepliaklqana.
  5238 | D:4      | Killed Dowan
  5239 | D:4      | Reached skill level 6 in Summonings
  5374 | D:4      | Slain by Duvessa
  5375 | D:4      | Reached XP level 5. HP: -3/21 MP: 2/12
  5415 | D:4      | Slain by Duvessa

Illustrated notes

Levels and vault maps discovered:
D:1:      ncdulo_watergridlock, layout_basic, serial_curves, eino_curves_02,
          eino_curves_01, kennysheep_pointless_box, interstate_on_off,
          grunt_decor_junction
D:2:      layout_basic, ebering_ecumenical_altar_rust, serial_shops,
          nicolae_shop_bloodbath_and_beyond, nicolae_shop_trees,
          nicolae_shop_trees, shop, shop
D:3:      layout_loops_cross, nicolae_overflow_crystal_walls,
          chequers_serial_rivers_small_3, nicolae_shop_vocational
D:4:      layout_rooms, lemuel_crystal_altar, amcnicky_altar_gilded,
          minmay_temple_entry_drinking_statues, minmay_misc_feat_room,
          amcnicky_mini_rare_corridor_liquid, uniq_grinder, uniq_duvessa
Temple:   nicolae_temple_superstar

Skill      XL: |  1  2  3  4  5  6 |
---------------+-------------------+-----
Stealth        | 3 |  3.0
Dodging        | 3 |  3.0
Spellcasting   | 3 4 |  4.2
Hexes          | 1 3 |  3.6
Summonings     | 5 6 |  6.0
Air Magic      | |  0.4

Action                   |  1- 3 |  4- 6 || total
-------------------------+-------+-------++-------
Melee: Unarmed           |    47 |    54 ||   101
       Bite              |     3 |     8 ||    11
 Cast: Summon Small Mamm |    33 |     8 ||    41
       Call Imp          |     8 |    15 ||    23
       Call Canine Famil |     3 |    24 ||    27
       Summon Lightning  |       |     1 ||     1
Evoke: Wand              |       |    14 ||    14
  Use: Potion            |       |     1 ||     1
 Stab: Sleeping          |     4 |     5 ||     9
       Distracted        |     2 |       ||     2
Armor: Skin              |     5 |     1 ||     6
Dodge: Dodged            |    42 |    67 ||   109

Table legend: (Time is in decaauts)
 A = Elapsed time spent in this place.
 B = Non-inter-level travel time spent in this place.
 C = Inter-level travel time spent in this place.
 D = Time resting spent in this place.
 E = Time spent auto-exploring this place.
 F = Levels seen in this place.
 G = Mean time per level.
                   A        B        C        D        E       F      G
               +--------+--------+--------+--------+--------+-----+--------+
         Total |   4842 |   4515 |    327 |   1452 |   1876 |   5 |  968.4 |
       Dungeon |   4689 |   4390 |    299 |   1452 |   1772 |   4 | 1172.2 |
        Temple |    153 |    125 |     28 |      0 |    104 |   1 |  153.0 |
               +--------+--------+--------+--------+--------+-----+--------+

Top non-repeatable levels by time:
     D:1: 1757 daAuts
     D:2: 1417 daAuts
     D:3: 963 daAuts
     D:4: 551 daAuts
  Temple: 153 daAuts
